 Dungeon Crawl Stone Soup version 0.14-a0-2124-ga163777 (webtiles) character file.

92912 awfulbart the Imperceptible (level 16, 87/87 HPs)
             Began as a Vine Stalker Assassin on Jan 27, 2014.
             Was the Champion of Dithmengos.
             Quit the game on Level 16 of the Dungeon.
             The game lasted 01:37:19 (17235 turns).

awfulbart the Imperceptible (VSAs)                 Turns: 17235, Time: 01:37:20

HP  87/87        AC 10     Str 20      XL: 16   Next:  3%
MP  25/25        EV 25     Int 16      God: Dithmengos [******]
Gold 1423        SH  0     Dex 25      Spells:  0 memorised, 15 levels left

rFire  . . .     SeeInvis +     F - +3 dwarf dagger (stab)
rCold  + + .     Clarity  +     i - +2 leather armour of Distant Shores {rN+ MR++ SInv Curse}
rNeg   + . .     Conserve .     (no shield)
rPois  +         rCorr    .     Z - +0 helmet {rC+}
rElec  .         rRot     +     A - +2 cloak "Zinugyhu" {Str+3 Dex+1}
SustAb . .       Spirit   +     O - +0 pair of gloves "Keurheiv" {Str-3 Dam+3}
rMut   .         Warding  .     (no boots)
Saprov . . .     Stasis   .     v - amulet of the Hippo {Clar rC+ Dex+3}
MR     ++++.                    L - ring of poison resistance
                                V - ring of Zisymick {Str+4 Int+5}

@: wreathed by umbra, incredibly resistant to hostile enchantments, uncannily
stealthy
A: fangs 3, regeneration 3, wild magic 1, magic shield, antimagic bite, no
device heal
a: Shadow Step, Shadow Form, Renounce Religion


You were on level 16 of the Dungeon.
You worshipped Dithmengos.
Dithmengos was exalted by your worship.
You were not hungry.

You visited 4 branches of the dungeon, and saw 29 of its levels.
You also visited: Labyrinth, Ossuary and Ice Cave.

You collected 2266 gold pieces.
You spent 843 gold pieces at shops.

Inventory:

Hand weapons
 a - a +2,+3 dagger of venom
 b - a +0 blowgun
 m - a +1,+1 dagger of holy wrath
 F - a +3,+3 dwarven dagger of stabbing (weapon)
Missiles
 e - 44 poisoned needles
 S - 20 curare-tipped needles
Armour
 i - the +2 leather armour of Distant Shores (worn) {rN+ MR++ SInv Curse}
   (You found it on level 7 of the Lair of Beasts)

   It protects you from negative energy.
   It affects your resistance to hostile enchantments.
   It enhances your eyesight.
   It may recurse itself when equipped.
 A - the +2 cloak "Zinugyhu" (worn) {Str+3 Dex+1}
   (You found it on level 11 of the Dungeon)

   It affects your strength (+3).
   It affects your dexterity (+1).
 O - the +0 pair of gloves "Keurheiv" (worn) {Str-3 Dam+3}
   (You found it on level 8 of the Lair of Beasts)

   It affects your strength (-3).
   It affects your damage with ranged weapons and melee attacks (+3).
 Z - a +0 helmet of cold resistance (worn)
Magical devices
 u - a wand of lightning (0)
 G - a wand of digging (4)
 R - a wand of draining (2)
 T - a wand of disintegration (16)
 Y - a wand of draining (5)
Comestibles
 g - 18 bread rations
 x - 4 meat rations
Scrolls
 d - a scroll of blinking
 j - 5 scrolls of identify
 q - 3 scrolls of teleportation
 s - 9 scrolls of remove curse
 t - a scroll of enchant armour
 w - 2 scrolls of magic mapping
 C - 3 scrolls of fear
 M - a scroll of enchant weapon II
 P - a scroll of recharging
Jewellery
 l - an uncursed amulet of resist mutation
 v - the amulet of the Hippo (around neck) {Clar rC+ Dex+3}
   (You bought it in a shop on level 4 of the Orcish Mines)

   [amulet of clarity]

   It affects your dexterity (+3).
   It protects you from cold.
 y - an uncursed ring of flight
 B - an uncursed ring of protection from fire
 D - an uncursed amulet of stasis
 E - an uncursed ring of protection from cold
 H - an uncursed ring of teleportation
 J - an uncursed ring of see invisible
 L - a ring of poison resistance (right hand)
 N - an uncursed ring of wizardry
 Q - an uncursed amulet of conservation
 V - the ring of Zisymick (left hand) {Str+4 Int+5}
   (You found it in a labyrinth)

   [ring of intelligence]

   It affects your intelligence (+5).
   It affects your strength (+4).
Potions
 h - 16 potions of curing
 k - a potion of might
 n - 2 potions of restore abilities
 p - a potion of magic
 z - a potion of invisibility
 K - a potion of brilliance
 W - 2 potions of speed
Books
 c - a book of Wizardry

   Spells                             Type                      Level
   Summon Elemental                   Summoning                    4
   Agony                              Necromancy                   5
   Force Lance                        Conjuration                  5
   Fireball                           Conjuration/Fire             5
   Haste                              Charms                       6
   Invisibility                       Hexes                        6
 o - a book of Alchemy

   Spells                             Type                      Level
   Lethal Infusion                    Charms/Necromancy            2
   Sublimation of Blood               Necromancy                   2
   Condensation Shield                Ice                          4
   Alistair's Intoxication            Transmutation/Poison         4
   Petrify                            Transmutation/Earth          4
   Ignite Poison                      Fire/Transmutation           5
 X - a book of the Warp

   Spells                             Type                      Level
   Recall                             Summoning/Translocation      3
   Control Teleport                   Charms/Translocation         4
   Phase Shift                        Translocation                5
   Warp Weapon                        Charms/Translocation         5
   Dispersal                          Translocation                6
   Controlled Blink                   Translocation                7
   Disjunction                        Translocation                8
Magical staves
 I - an uncursed staff of wizardry
Miscellaneous
 f - a phial of floods
 r - a fan of gales


   Skills:
 + Level 11.3 Fighting
 + Level 11.8 Short Blades
 - Level 1.7 Throwing
 + Level 12.4 Dodging
 + Level 22.1 Stealth
 - Level 4.3 Evocations


You had 15 spell levels left.
You didn't know any spells.

Dungeon Overview and Level Annotations

Branches:
Dungeon (16/16)            Temple (1/1) D:7             Orc (4/4) D:9
    Elf (0/3) Orc:4          Lair (8/8) D:11          Swamp (0/5) Lair:3
  Snake (0/5) Lair:3       Vaults (0/5) D:14         Depths (0/6) D:16
  Slime: Lair:6-8

Altars:
Ashenzari
Cheibriados
Dithmengos
Elyvilon
Fedhas
Kikubaaqudgha
Nemelex Xobeh
Okawaru
Sif Muna
Trog
Vehumet
Xom
Yredelemnul
Zin
The Shining One
Jiyva

Shops:
D:4 /*?   D:7 (   D:9 }   D:11 /   Orc:4 =}=:

Annotations:
D:3 wojtek's ghost, average KoAs
D:4 Grinder; Ijyb; Menkaure


Innate Abilities, Weirdness & Mutations

You have razor-sharp teeth.
You regenerate.
When hurt, damage is shared between your health and your magic reserves.
Your bite disrupts and absorbs the magic of your enemies.
Potions and wands cannot restore your HP.
Your spells are a little harder to cast, but a little more powerful.


Message History

No target in view!
No target in view!
No target in view!
The giant frog completely misses you. The giant frog misses you.
The giant frog hits you but does no damage.
There is an open door here.
You closely miss the giant frog. You bite the giant frog! You drain its power.
The giant frog is heavily wounded.
The giant frog completely misses you.
You slash the giant frog!
You kill the giant frog!
Dithmengos accepts your kill.
No target in view!
No target in view!
No target in view!
The water elemental is too close now for your liking.
A water elemental is nearby!
A water elemental is nearby!
Are you sure you want to abandon this character and quit the game? (Confirm with "yes".)

..♣.♣.♣.# ♣♣♣...#.≈(.....
..♣♣.♣♣.# ♣#...#.#.≈≈≈..
♣.♣....♣# #........≈≈..
♣.♣..♣♣.#♣ #........≈...
♣.♣♣♣.♣♣#♣ #........#.x.
♣..♣.♣..#.♣#♣###♣####........#.E.
♣♣..♣...#P♣#♣#8#♣#8#P#......J..≈.
♣♣♣.....##..........♣#≈≈≈≈.≈≈###.
♣♣♣♣..).'.......@....≈≈≈E≈.≈≈....
####..%##............≈≈≈≈.≈≈....
♣♣♣♣....+...............≈≈.≈≈....
♣♣♣[.♣♣♣##..........♣...≈≈.......
♣♣..♣♣.♣#♣♣#♣#8#.#8#♣...≈≈≈≈)...)
♣..♣..♣♣#♣♣#♣###.###♣...≈...%...(
♣.♣♣.♣♣.# #♣♣♣.♣♣♣♣♣.......$....
♣.%♣♣...# #♣♣.♣♣♣♣♣....#........
♣%%..♣.♣# ♣♣♣.♣♣♣♣♣♣....#......<.


You could see a water elemental (dormant).

Vanquished Creatures
  A frost giant (D:16)
  Gastronok (D:13)
  An elemental wellspring (D:16)
  A minotaur (Lab)
  Fannar (D:12)
  Harold (D:15)
  3 hydras
  8 ogre magi
  Erica (Orc:4)
  An anaconda (Lair:8)
  Urug (D:11)
  3 centaur warriors
  A deep elf knight (D:14)
  4 skeletal warriors (D:14)
  3 unseen horrors
  An orc knight (Orc:1)
  A lindwurm (Lair:5)
  A necromancer (IceCv)
  2 orc sorcerers (Orc:1)
  10 hill giants
  5 cyclopes
  2 griffons
  9 elephants
  A stone golem (D:15)
  6 black mambas
  Maurice (D:12)
  4 octopodes
  9 yaktaurs
  A fire drake (Lair:4)
  11 spiny frogs
  A troll (D:13)
  An efreet (D:15)
  A deep elf priest (D:14)
  7 komodo dragons
  A harpy zombie (D:16)
  Sonja (D:12)
  A queen bee (Lair:4)
  20 two-headed ogres
  22 slime creatures
  5 blink frogs
  A griffon skeleton (D:15)
  33 ugly things
  A fire dragon skeleton (D:16)
  A water elemental (D:16)
  3 basilisks
  4 sharks
  8 vampire mosquitoes
  35 yaks
  Eustachio (D:10)
  3 wyverns
  2 shadows
  3 wolves (Lair:3)
  2 elephant slugs
  2 manticores
  A wraith (D:14)
  A spiny worm zombie (D:12)
  5 hippogriffs
  A steam dragon (D:13)
  3 hungry ghosts
  2 mottled dragons
  Edmund (D:7)
  4 nagas (Lair:3)
  A soldier ant (D:14)
  14 freezing wraiths (IceCv)
  A kobold demonologist (D:14)
  2 yellow wasps
  13 ice beasts
  4 sky beasts
  3 black bears
  38 ogres
  7 porcupines
  An alligator simulacrum (IceCv)
  20 orc warriors
  4 phantoms
  5 centaurs
  3 boring beetles
  2 spriggan simulacra (IceCv)
  Duvessa (Orc:1)
  A rotting devil (D:14)
  3 wargs
  12 crocodiles
  6 giant slugs
  A brain worm (D:15)
  5 big kobolds
  2 elf zombies (Ossuary)
  3 agate snails
  11 water moccasins
  16 giant frogs
  A gnoll sergeant (D:10)
  An eye of draining (D:8)
  2 troll zombies (D:9)
  A boulder beetle zombie (D:12)
  A troll skeleton (D:14)
  42 killer bees
  A centaur zombie (Ossuary)
  5 goliath beetles
  10 crimson imps
  Dowan (Orc:1)
  4 draconian simulacra (IceCv)
  An electric eel (D:9)
  9 hounds
  6 iguanas
  16 orc wizards
  4 big fish
  4 jellies
  26 orc priests
  A human zombie (Ossuary)
  A quasit (D:11)
  A centaur skeleton (D:6)
  4 scorpions (D:6)
  An elf skeleton (D:13)
  6 worker ants
  2 polar bear simulacra (IceCv)
  5 troll simulacra (IceCv)
  A wolf simulacrum (IceCv)
  3 big kobold zombies (Ossuary)
  4 centaur simulacra (IceCv)
  22 sheep
  A hound zombie (D:6)
  6 ogre zombies
  A hound skeleton (D:5)
  2 mummies (Ossuary)
  An ogre simulacrum (IceCv)
  6 gnolls (D:10)
  44 green rats
  16 adders
  3 giant centipedes
  An inept feature mimic (D:4)
  4 naga simulacra (IceCv)
  3 giant mites
  12 white imps (IceCv)
  6 worms
  2 adder zombies (Ossuary)
  3 giant eyeballs
  5 giant geckos
  2 oozes (D:5)
  150 orcs
  25 bats
  A bat skeleton (D:5)
  3 giant cockroaches
  19 goblins
  17 hobgoblins
  17 jackals
  9 quokkas
  2 ball pythons
  A ball python skeleton (D:5)
  3 giant newts
  2 giant spores
  A gnoll skeleton (D:5)
  4 goblin zombies
  11 hobgoblin zombies
  31 kobolds
  7 kobold zombies (Ossuary)
  4 orc skeletons (D:9)
  23 orc zombies
  14 rats
  4 ballistomycetes
  7 fungi
  9 plants
1119 creatures vanquished.

Vanquished Creatures (collateral kills)
  A jelly (D:9)
1 creature vanquished.

Vanquished Creatures (others)
  An unseen horror (D:14)
  A hungry ghost (D:9)
  A giant frog (D:9)
  An adder (D:9)
  An orc (Orc:4)
  A fungus (Lair:8)
  23 plants (D:15)
29 creatures vanquished.

Grand Total: 1149 creatures vanquished

Notes
Turn   | Place    | Note
--------------------------------------------------------------
     0 | D:1      | awfulbart, the Vine Stalker Assassin, began the quest for the Orb.
     0 | D:1      | Reached XP level 1. HP: 11/11 MP: 1/1
    33 | D:1      | Reached skill level 5 in Stealth
    91 | D:1      | Reached XP level 2. HP: 8/15 MP: 3/3
   352 | D:1      | Reached XP level 3. HP: 15/18 MP: 4/4
   396 | D:1      | Reached skill level 6 in Stealth
   417 | D:2      | Found a blossoming altar of Fedhas.
  1006 | D:3      | Noticed wojtek's ghost (average KoAs)
  1022 | D:4      | Found Ettemp's Magical Wand Emporium.
  1033 | D:4      | Noticed a slave
  1062 | D:3      | Reached XP level 4. HP: 23/23 MP: 5/5
  1072 | D:3      | Found a shadowy altar of Dithmengos.
  1072 | D:3      | Found a bloodstained altar of Trog.
  1074 | D:3      | Found a white marble altar of Elyvilon.
  1076 | D:3      | Found a snail-covered altar of Cheibriados.
  1085 | D:3      | Found a deep blue altar of Sif Muna.
  1090 | D:3      | Became a worshipper of Dithmengos
  1166 | D:4      | Noticed Ijyb
  1606 | D:4      | Noticed Grinder
  1623 | D:4      | Found Klyga's Magic Scroll Emporium.
  1632 | D:4      | Reached skill level 7 in Stealth
  1639 | D:4      | Bought a scroll of fear for 49 gold pieces
  1639 | D:4      | Bought a scroll of teleportation for 42 gold pieces
  1761 | D:4      | Reached XP level 5. HP: 24/26 MP: 7/7
  1802 | D:4      | Found Kuxyet's Assorted Antiques.
  1815 | D:4      | Bought a glowing green potion for 22 gold pieces
  1815 | D:4      | Bought a pair of gloves for 30 gold pieces
  1828 | D:4      | Noticed Menkaure
  1846 | D:5      | Entered Level 5 of the Dungeon
  1874 | D:5      | Noticed an ogre
  1897 | D:5      | Killed an ogre
  1897 | D:5      | Reached skill level 8 in Stealth
  1897 | D:5      | Gained mutation: You heal very quickly. [vine stalker growth]
  1897 | D:5      | Reached XP level 6. HP: 27/30 MP: 8/8
  2308 | D:5      | Reached skill level 9 in Stealth
  2419 | D:5      | Found a sand-covered staircase.
  2434 | Ossuary  | Entered an ossuary
  2559 | Ossuary  | Reached XP level 7. HP: 20/34 MP: 9/9
  2625 | Ossuary  | Acquired Dithmengos' first power
  2673 | Ossuary  | Reached skill level 10 in Stealth
  2842 | D:5      | Reached skill level 1 in Dodging
  2979 | D:6      | Gained mutation: You have razor-sharp teeth. [vine stalker growth]
  2979 | D:6      | Reached XP level 8. HP: 38/38 MP: 11/11
  3010 | D:6      | Found an iron altar of Okawaru.
  3019 | D:6      | Acquired Dithmengos' second power
  3417 | D:6      | Reached skill level 11 in Stealth
  3486 | D:6      | Reached skill level 5 in Short Blades
  3645 | D:7      | Noticed Edmund
  3651 | D:7      | Killed Edmund
  3874 | D:7      | Reached XP level 9. HP: 42/42 MP: 12/12
  3967 | D:7      | Found Qyawoapp's Weapon Shoppe.
  3975 | D:7      | Bought a +0,+0 cutlass for 48 gold pieces
  4109 | D:7      | Found a staircase to the Ecumenical Temple.
  4119 | Temple   | Entered the Ecumenical Temple
  4421 | D:8      | Acquired Dithmengos' third power
  4519 | D:8      | Reached skill level 12 in Stealth
  4668 | D:9      | Found a staircase to the Orcish Mines.
  4769 | D:9      | Noticed an octopode
  4813 | D:9      | Killed an octopode
  4813 | D:9      | Reached skill level 5 in Dodging
  4878 | D:9      | Reached XP level 10. HP: 46/46 MP: 14/14
  4881 | D:9      | Found a shimmering altar of Xom.
  4882 | D:9      | Found a shimmering altar of Xom.
  4882 | D:9      | Found a shimmering altar of Xom.
  4907 | D:9      | Found Itseox's Gadget Shoppe.
  4937 | D:9      | Noticed an octopode
  4961 | D:9      | Killed an octopode
  4961 | D:9      | Reached skill level 13 in Stealth
  5115 | D:9      | Paralysed by a potion of paralysis for 3 turns
  5400 | D:9      | Identified a scroll of acquirement
  5478 | D:9      | Found a shimmering altar of Xom.
  5518 | D:9      | Reached skill level 1 in Evocations
  5755 | D:10     | Entered Level 10 of the Dungeon
  5769 | D:10     | Acquired Dithmengos' fourth power
  6040 | D:10     | Noticed a hill giant
  6043 | D:10     | Killed a hill giant
  6229 | D:10     | Noticed Eustachio
  6237 | D:10     | Killed Eustachio
  6429 | D:11     | Noticed Urug
  6489 | D:11     | Reached XP level 11. HP: 48/52 MP: 20/20
  6594 | D:11     | Noticed an eight-headed hydra
  6598 | D:11     | Killed an eight-headed hydra
  6598 | D:11     | Reached skill level 14 in Stealth
  6679 | D:11     | Found Ninunwyupp's Magical Wand Boutique.
  6781 | D:11     | Noticed a hill giant
  6785 | D:11     | Killed a hill giant
  6798 | D:11     | Found a labyrinth entrance.
  6804 | Lab      | Entered a labyrinth
  6892 | Lab      | Noticed a minotaur
  6907 | Lab      | Killed a minotaur
  6926 | Lab      | Got an uncursed crude bone ring
  6937 | Lab      | Identified the ring of Zisymick {Str+4 Int+5} (You found it in a labyrinth)
  6956 | Lab      | Identified a +1 rod of striking (11/11) (You found it in a labyrinth)
  6987 | D:12     | Noticed Sonja
  6993 | D:12     | Killed Sonja
  7017 | D:12     | Reached skill level 15 in Stealth
  7060 | D:11     | Found a staircase to the Lair.
  7267 | D:11     | Got a polished cloak
  7271 | D:11     | Identified the +2 cloak "Zinugyhu" {Str+3 Dex+1} (You found it on level 11 of the Dungeon)
  7303 | Lair:1   | Entered Level 1 of the Lair of Beasts
  7881 | Lair:2   | Reached skill level 16 in Stealth
  8202 | Lair:3   | Gained mutation: You regenerate. [vine stalker growth]
  8202 | Lair:3   | Reached XP level 12. HP: 58/58 MP: 21/21
  8261 | Lair:3   | Found a staircase to the Swamp.
  8331 | Lair:3   | Reached skill level 5 in Fighting
  8342 | Lair:3   | Found a frozen archway.
  8374 | Lair:3   | Reached skill level 17 in Stealth
  8412 | IceCv    | Entered an ice cave
  8604 | IceCv    | Found an ancient bone altar of Kikubaaqudgha.
  8874 | Lair:3   | Found a staircase to the Snake Pit.
  8957 | Lair:3   | Reached skill level 18 in Stealth
  9256 | Lair:4   | Gained mutation: Your spells are a little harder to cast, but a little more powerful. [potion of beneficial mutation]
  9594 | Lair:4   | Reached XP level 13. HP: 67/67 MP: 22/22
  9772 | Lair:5   | Reached skill level 19 in Stealth
  9844 | Lair:5   | Reached skill level 10 in Dodging
 10663 | Lair:7   | Got a twisted leather armour
 10672 | Lair:7   | Identified the +2 leather armour of Distant Shores {rN+ MR++ SInv Curse} (You found it on level 7 of the Lair of Beasts)
 11150 | Lair:7   | Reached skill level 20 in Stealth
 11168 | Lair:8   | Entered Level 8 of the Lair of Beasts
 11740 | Lair:8   | Found a viscous altar of Jiyva.
 12010 | Lair:8   | Noticed a dire elephant
 12010 | Lair:8   | Noticed a dire elephant
 12014 | Lair:8   | Got a pair of brightly glowing gloves
 12038 | Lair:7   | Identified the +0 pair of gloves "Keurheiv" {Str-3 Dam+3} (You found it on level 8 of the Lair of Beasts)
 12249 | D:11     | Reached XP level 14. HP: 74/74 MP: 24/24
 12250 | D:11     | Noticed an unseen horror
 12267 | D:11     | Killed an unseen horror
 12295 | D:11     | Killed Urug
 12340 | Orc:1    | Entered Level 1 of the Orcish Mines
 12340 | Orc:1    | Noticed Dowan
 12360 | Orc:1    | Noticed Duvessa
 12369 | Orc:1    | Killed Dowan
 12371 | Orc:1    | Killed Duvessa
 12575 | Orc:2    | You fall through a shaft for 2 floors!
 12575 | Orc:4    | Entered Level 4 of the Orcish Mines
 12575 | Orc:4    | Found a staircase to the Elven Halls.
 12659 | Orc:4    | Noticed Erica
 12670 | Orc:4    | Killed Erica
 12839 | Orc:4    | Found Shruth's Jewellery Shoppe.
 12839 | Orc:4    | Found Xaetyem's Jewellery Boutique.
 12842 | Orc:4    | Found Ylefatze's Book Emporium.
 12842 | Orc:4    | Found Fiafod's Gadget Boutique.
 13157 | Orc:4    | Reached skill level 21 in Stealth
 13160 | Orc:4    | Bought the amulet of the Hippo {Clar rC+ Dex+3} for 652 gold pieces
 13370 | Orc:4    | Reached skill level 10 in Short Blades
 13812 | Orc:1    | Found a radiant altar of Vehumet.
 14093 | D:12     | Noticed Maurice
 14099 | D:12     | Killed Maurice
 14191 | D:12     | Noticed Fannar
 14194 | D:12     | Killed Fannar
 14323 | D:12     | Noticed a hill giant
 14330 | D:12     | Killed a hill giant
 14602 | D:13     | Reached skill level 10 in Fighting
 14906 | D:13     | Noticed Gastronok
 14914 | D:13     | Killed Gastronok
 15118 | D:14     | Reached XP level 15. HP: 80/80 MP: 16/24
 15280 | D:14     | Found a gate to the Vaults.
 15722 | D:15     | Entered Level 15 of the Dungeon
 16108 | D:15     | Noticed Harold
 16113 | D:15     | Killed Harold
 16326 | D:16     | Entered Level 16 of the Dungeon
 16443 | D:16     | Found a staircase to the Depths.
 16443 | D:16     | Noticed a frost giant
 16453 | D:16     | Killed a frost giant
 16673 | D:16     | Reached skill level 22 in Stealth
 17081 | D:16     | Reached XP level 16. HP: 12/87 MP: 21/25
 17235 | D:16     | Quit the game

Action                   |  1- 3 |  4- 6 |  7- 9 | 10-12 | 13-15 | 16-18 || total
-------------------------+-------+-------+-------+-------+-------+-------++-------
Melee: Dagger            |    99 |   142 |   348 |   679 |  1288 |    25 ||  2581
 Fire: Blowgun           |    10 |    16 |       |     9 |     9 |       ||    44
Invok: Shadow Step       |       |       |       |     3 |     2 |       ||     5
       Shadow Form       |       |       |       |     4 |     6 |       ||    10
 Abil: End Transformatio |       |       |       |     1 |       |       ||     1
Evoke: Wand              |       |     3 |     1 |    10 |     3 |       ||    17
  Use: Scroll            |       |       |    11 |    18 |    11 |     1 ||    41
       Potion            |       |       |     1 |    13 |     5 |       ||    19
 Stab: Sleeping          |     5 |    18 |    46 |   165 |   263 |       ||   497
       Distracted        |       |     1 |     2 |    10 |     5 |     1 ||    19
       Paralysed         |       |     1 |       |       |       |       ||     1
       Invisible         |       |       |       |    13 |    24 |       ||    37
